 Dungeon Crawl Stone Soup version 0.22.1-6-g1668fe2 (webtiles) character file.

469172 cod the Acrobat (level 23, -8/111 (112) HPs)
             Began as a Spriggan Necromancer on Nov 25, 2018.
             Was the Champion of Kikubaaqudgha.
             Killed from afar by a salamander mystic zombie (11 damage)
             ... with an exploding inner flame
             ... animated by the player character
             ... hexed by the player character
             ... on level 5 of the Pits of Slime on Feb 2, 2019.
             The game lasted 20:58:22 (88039 turns).

cod the Acrobat (Spriggan Necromancer)             Turns: 88039, Time: 20:58:22

HP:   -8/111 (112)  AC:  9    Str:  4    XL:     23   Next: 50%
MP:   33/46         EV: 40    Int: 25    God:    Kikubaaqudgha [******]
Gold: 3194          SH: 11    Dex: 18    Spells: 7/59 levels left

rFire    + . .     SeeInvis +   a - +9 spear (pain)
rCold    + . .     Gourm    .   e - +3 buckler {rN+}
rNeg     + . .     Faith    .   A - +4 troll leather armour
rPois    .         Spirit   .   m - +2 hat
rElec    +         Reflect  .   f - +1 cloak of Starlight {rElec rC+ EV+4 Stlth--}
rCorr    +         Harm     .   (gloves unavailable)
MR       +++++                  (boots unavailable)
Stlth    ++........             R - amulet of the acrobat
HPRegen  0.68/turn              i - ring of Wisdom {*Contam rElec rF+ MR++ AC-3, =R} (curse)
MPRegen  0.30/turn              Z - ring of resist corrosion

@: deflect missiles, very quick
A: very small, unfitting armour, see invisible, herbivore, speed 3, frail 1,
slow metabolism 2
}: 2/15 runes: barnacled, gossamer
a: Receive Corpses, Torment, Renounce Religion


You were on level 5 of the Pits of Slime.
You worshipped Kikubaaqudgha.
Kikubaaqudgha was exalted by your worship.
You were not hungry.

You visited 11 branches of the dungeon, and saw 51 of its levels.
You visited the Abyss 1 time.
You also visited: Ice Cave and Wizlab.

You collected 5690 gold pieces.
You spent 2496 gold pieces at shops.

Inventory:

Hand Weapons
 a - a +9 spear of pain (weapon)
   (You took it off a wight on level 15 of the Dungeon)
 b - a +8 fustibalus of freezing
   (You found it on level 3 of the Elven Halls)
Missiles
 n - 18 tomahawks of dispersal {!f}
 u - 1287 stones
 z - 208 sling bullets
 M - 8 throwing nets (quivered) {!f}
Armour
 e - a +3 buckler of positive energy (worn)
   (You took it off a deep elf mage on level 3 of the Elven Halls)
 f - the +1 cloak of Starlight (worn) {rElec rC+ EV+4 Stlth--}
   (You found it in a wizard's laboratory)

   It affects your evasion (+4).
   It protects you from cold.
   It insulates you from electricity.
   It makes you much less stealthy.
 m - a +2 hat (worn)
   (You took it off Gastronok on level 2 of the Lair of Beasts)
 A - a +4 troll leather armour (worn)
   (You found it on level 11 of the Dungeon)
Magical Staves
 w - an uncursed staff of wizardry {!a}
   (You found it on level 3 of the Elven Halls)
Jewellery
 i - the cursed ring of Wisdom (left hand) {*Contam rElec rF+ MR++ AC-3, =R}
   (You took it off a deep elf annihilator on level 3 of the Elven Halls)

   [ring of protection]

   It affects your AC (-3).
   It protects you from fire.
   It insulates you from electricity.
   It affects your resistance to hostile enchantments.
   It causes magical contamination when unequipped.
   It has a curse placed upon it.
 R - an amulet of the acrobat (around neck)
   (You found it on level 11 of the Dungeon)
 Z - a ring of resist corrosion (right hand)
   (You took it off an ancient champion on level 2 of the Crypt)
Wands
 x - a wand of digging (55)
   (You found it on level 3 of the Lair of Beasts)
 B - a wand of iceblast (38)
   (You bought it in a shop on level 6 of the Dungeon)
 H - a wand of disintegration (47)
   (You found it on level 5 of the Dungeon)
 J - a wand of scattershot (3)
   (You found it on level 2 of the Vaults)
 K - a wand of clouds (16)
   (You found it on level 6 of the Lair of Beasts)
 Y - a wand of enslavement (42)
   (You bought it in a shop on level 6 of the Dungeon)
Scrolls
 d - 4 scrolls of vulnerability {!r}
 j - a scroll of summoning
 v - 17 scrolls of remove curse {@r2}
 y - 4 scrolls of magic mapping
 C - 7 scrolls of fog
 G - a scroll of identify {@r1}
 I - 3 scrolls of blinking
 L - 12 scrolls of fear
 O - 7 scrolls of immolation {!r}
 P - 2 scrolls of holy word
 V - 16 scrolls of teleportation {@r4}
Potions
 c - 9 potions of agility
 g - 13 potions of curing {@q1}
 k - 9 potions of lignification {!q}
 l - 4 potions of brilliance
 o - 6 potions of heal wounds {@q2}
 r - 2 potions of cancellation {!q}
 t - 4 potions of invisibility
 D - 11 potions of mutation {!q}
 F - 2 potions of resistance
 N - 3 potions of magic
 W - 8 potions of might
 X - 9 potions of haste {@q3}
Miscellaneous
 h - 2 sacks of spiders
 s - a lightning rod (4/4)
   (You found it on level 4 of the Lair of Beasts)
 S - a phial of floods
   (You found it on level 1 of the Elven Halls)
 T - a fan of gales
   (You found it on level 4 of the Shoals)
 U - 3 boxes of beasts
Comestibles
 q - 28 rations {!d}


   Skills:
 + Level 14.4 Fighting
 - Level 12.0 Polearms
 - Level 6.0 Slings
 + Level 24.7 Dodging
 - Level 9.0 Stealth
 - Level 7.2 Shields
 + Level 18.8 Spellcasting
 - Level 4.0 Conjurations
 - Level 8.2 Charms
 - Level 2.0 Summonings
 + Level 17.3 Necromancy
 - Level 2.0 Translocations
 - Level 7.0 Ice Magic
 - Level 4.0 Air Magic
 - Level 6.0 Earth Magic
 - Level 12.0 Evocations


You had 7 spell levels left.
You knew the following spells:

 Your Spells              Type           Power        Failure   Level  Hunger
a - Animate Dead          Necr           N/A          1%          4    None
b - Bolt of Draining      Conj/Necr      ######....   1%          5    None
d - Dispel Undead         Necr           #######.     1%          5    None
e - Sublimation of Blood  Necr           #######...   0%          2    None
g - Apportation           Tloc           ####..       1%          1    None
h - Recall                Summ/Tloc      N/A          4%          3    None
m - Deflect Missiles      Chrm/Air       ######....   41%         6    ###....
n - Agony                 Necr           #######.     1%          5    None
r - Regeneration          Chrm/Necr      ######....   1%          3    None
s - Animate Skeleton      Necr           N/A          0%          1    None
v - Vampiric Draining     Necr           #######...   0%          3    None
w - Swiftness             Chrm/Air       ######..     1%          2    None
x - Simulacrum            Ice/Necr       ######....   3%          6    ###....
y - Summon Butterflies    Summ           ####....     1%          1    None
z - Borgnjor's Vile Clut  Necr/Erth      ######....   1%          5    None

Your spell library contained the following spells:

 Spells                   Type           Power        Failure   Level  Hunger
 Pain                     Necr           ####         0%          1    None
 Corpse Rot               Necr           N/A          0%          2    None
 Flame Tongue             Conj/Fire      ####.        1%          1    None
 Freeze                   Ice            ####         1%          1    None
 Infusion                 Chrm           ####         1%          1    None
 Magic Dart               Conj           ####         1%          1    None
 Shock                    Conj/Air       ####         1%          1    None
 Summon Small Mammal      Summ           ####         1%          1    None
 Ensorcelled Hibernation  Hex/Ice        #####.       1%          2    None
 Passwall                 Tmut/Erth      #####...     1%          2    None
 Searing Ray              Conj           #####.       1%          2    None
 Shroud of Golubria       Chrm/Tloc      #####.....   1%          2    None
 Song of Slaying          Chrm           ######..     1%          2    None
 Throw Frost              Conj/Ice       ######       1%          2    None
 Ozocubu's Armour         Chrm/Ice       ######..     1%          3    None
 Spectral Weapon          Hex/Chrm       #####...     1%          3    None
 Static Discharge         Conj/Air       #####...     1%          3    None
 Excruciating Wounds      Chrm/Necr      ######....   1%          5    None
 Death Channel            Necr           #######...   1%          6    ###....
 Beastly Appendage        Tmut           ###...       3%          1    None
 Confusing Touch          Hex            ###...       3%          1    None
 Corona                   Hex            ###....      3%          1    None
 Throw Icicle             Conj/Ice       ######..     3%          4    None
 Conjure Flame            Conj/Fire      ####....     4%          3    None
 Dazzling Spray           Conj/Hex       ####..       4%          3    None
 Gell's Gravitas          Tloc           ####......   4%          3    None
 Lesser Beckoning         Tloc           ####......   4%          3    None
 Teleport Other           Tloc           ####....     4%          3    None
 Slow                     Hex            ###.....     5%          2    None
 Sticks to Snakes         Tmut           ###.....     5%          2    None
 Summon Ice Beast         Ice/Summ       #####...     5%          4    None
 Portal Projectile        Hex/Tloc       ####..       7%          3    None
 Summon Guardian Golem    Hex/Summ       ####....     7%          3    None
 Airstrike                Air            #####.....   7%          4    None
 Iskenderun's Mystic Bla  Conj           #####...     7%          4    None
 Ice Form                 Ice/Tmut       #####...     9%          4    None
 Ignite Poison            Fire/Tmut/Pois ###.....     11%         3    None
 Inner Flame              Hex/Fire       ###.....     11%         3    None
 Spider Form              Tmut/Pois      ###.......   11%         3    None
 Tukima's Dance           Hex            ###.....     11%         3    None
 Force Lance              Conj/Tloc      #####...     11%         4    None
 Leda's Liquefaction      Hex/Erth       #####.....   11%         4    None
 Fulminant Prism          Conj/Hex       ####......   16%         4    None
 Lightning Bolt           Conj/Air       #####.....   19%         5    None
 Bolt of Magma            Conj/Fire/Erth #####.....   26%         5    None
 Cause Fear               Hex            ###.......   34%         4    None
 Aura of Abjuration       Summ           ####......   41%         5    None
 Fireball                 Conj/Fire      ####......   41%         5    None
 Silence                  Hex/Air        ####......   41%         5    None
 Summon Demon             Summ           ####......   41%         5    None
 Summon Forest            Summ/Tloc      ####......   41%         5    None
 Summon Mana Viper        Hex/Summ       ####....     54%         5    None
 Alistair's Intoxication  Tmut/Pois      ###.....     69%         5    None
 Blade Hands              Tmut           ###.......   69%         5    None
 Yara's Violent Unravell  Hex/Tmut       ###.......   69%         5    None
 Bolt of Fire             Conj/Fire      ####......   94%         6    ###....
 Dispersal                Tloc           ####......   94%         6    ###....
 Shadow Creatures         Summ           N/A          94%         6    ###....
 Darkness                 Hex            ###.......   99%         6    ###....
 Invisibility             Hex            ###.....     99%         6    ###....
 Ring of Flames           Chrm/Fire      #####.....   99%         7    #####..
 Dragon Form              Tmut           ###.......   100%        7    #####..
 Malign Gateway           Summ/Tloc      ####......   100%        7    #####..
 Controlled Blink         Tloc           N/A          100%        8    ######.
 Discord                  Hex            ###.......   100%        8    ######.
 Disjunction              Tloc           ####......   100%        8    ######.
 Ignition                 Fire           ###.......   100%        8    ######.
 Dragon's Call            Summ           ####......   100%        9    #######


Dungeon Overview and Level Annotations

Branches:
Dungeon (15/15)            Temple (1/1) D:5            Lair (6/6) D:10
 Shoals (4/4) Lair:2       Spider (4/4) Lair:3        Slime (5/5) Lair:6
    Orc (2/2) D:12            Elf (3/3) Orc:2        Vaults (4/5) D:14
  Crypt (2/3) Vaults:2     Depths (5/5) D:15            Zot (0/5) Depths:5

Altars:
Ashenzari
Cheibriados
Dithmenos
Elyvilon
Fedhas
Gozag
Hepliaklqana
Kikubaaqudgha
Makhleb
Nemelex Xobeh
Okawaru
Qazlal
Ru
Sif Muna
Trog
Uskayaw
Vehumet
Wu Jian
Xom
Yredelemnul
Zin
The Shining One
Beogh

Shops:
D:6 *   D:11 (   Orc:1 :   Orc:2 ([*?   Shoals:2 *[   Shoals:3 }   Vaults:3 (
Vaults:4 !   Depths:2 *   Depths:5 =}}

Portals:
Hell: Depths:1 Depths:2 Depths:3 Depths:4 Depths:5
Abyss: Depths:1 Depths:4
Pandemonium: Depths:1 Depths:3
Ziggurat: Depths:4

Annotations:
D:9 transporter vlt: komodo, red centaur, hippogriff .. para(7),2food,52gp
Lair:1 exclusion: downstairs
Shoals:3 exclusion: kraken
Slime:5 Royal Jelly
Vaults:2 soul eater wandering
Depths:3 exclusion: downstairs


Innate Abilities, Weirdness & Mutations

You are very small and have problems with some larger weapons.
You are too small for most types of armour.
You have supernaturally acute eyesight. (SInv)
You are a herbivore.
You cover ground extremely quickly.
You need to consume almost no food.
You are frail. (-10% HP)


Message History

The manticore skeleton explodes!
The fiery explosion engulfs the deep elf knight zombie.
The deep elf knight zombie explodes!
The fiery explosion engulfs the naga warrior zombie.
The fiery explosion engulfs the vault sentinel zombie.
The vault sentinel zombie explodes!
The fiery explosion engulfs your faun zombie.
The fiery explosion engulfs you! You resist.
The fiery explosion engulfs the faun zombie.
The faun zombie explodes!
The fiery explosion engulfs your deep elf mage zombie.
The fiery explosion engulfs your ogre mage skeleton.
The fiery explosion engulfs you! You resist.
The fiery explosion engulfs the deep elf mage zombie.
The deep elf mage zombie explodes!
The fiery explosion engulfs your salamander mystic zombie.
The fiery explosion engulfs the ogre mage skeleton.
The ogre mage skeleton explodes!
The fiery explosion engulfs your yaktaur zombie.
The fiery explosion engulfs the salamander mystic zombie.
The fiery explosion engulfs you! You resist.
* * * LOW HITPOINT WARNING * * *
The fiery explosion engulfs the yaktaur zombie.
The fiery explosion engulfs your alligator zombie.
The fiery explosion engulfs your ironbrand convoker zombie.
The fiery explosion engulfs you! You resist.
* * * LOW HITPOINT WARNING * * *
The fiery explosion engulfs the alligator zombie.
The fiery explosion engulfs the water nymph zombie.
The water nymph zombie explodes!
The fiery explosion engulfs the deep elf mage zombie.
The fiery explosion engulfs the ironbrand convoker zombie.
The ironbrand convoker zombie explodes!
The fiery explosion engulfs you! You resist.
* * * LOW HITPOINT WARNING * * *
The fiery explosion engulfs your tarantella zombie.
The fiery explosion engulfs the alligator zombie.
The fiery explosion engulfs your vault sentinel zombie.
The fiery explosion engulfs the tarantella zombie.
The tarantella zombie explodes!
The fiery explosion engulfs the alligator zombie.
The alligator zombie explodes!
The fiery explosion engulfs you! You resist.
* * * LOW HITPOINT WARNING * * *
The fiery explosion engulfs the vault sentinel zombie.
The fiery explosion engulfs the salamander mystic zombie.
The salamander mystic zombie explodes!
The fiery explosion engulfs you! You resist.
You die...
Kikubaaqudgha rasps: "You have failed me!
Welcome... death!"

......................
......................
......................
......................
......................
..........§§§........
.........§§§Z§.......
........§§§§§§.......
........§§§@§Z§......
........§§§§§§§......
........Z§§§§§.......
........§Z§Z§J.......
..........JJJJ......
.........^...J......
........####J#####..
....#


#JJ . ..# ##. You could see the Royal Jelly (inner flame), 5 acid blobs, an
azure jelly (inner flame), 2 death oozes, a deep elf mage zombie (inner flame),
a naga warrior zombie (inner flame), a yaktaur zombie (inner flame), a vault
sentinel zombie (inner flame) and an ironbrand convoker zombie (inner flame).

Vanquished Creatures
  Sojobo (Crypt:1)
  2 greater mummies (Depths:4)
  Saint Roka (Crypt:1)
  6 caustic shrikes
  A golden dragon (Depths:1)
  Jory (Crypt:1)
  The ghost of MetaCosm the Bludgeoner, a veteran GrFi of Okawaru (Depths:4)
  A shard shrike zombie (Crypt:1)
  A shard shrike skeleton (Crypt:2)
  3 liches
  A titan (Depths:2)
  2 deep elf blademasters (Elf:3)
  2 deep elf master archers (Elf:3)
  2 ancient champions
  An acid blob (Slime:4)
  A kraken (Shoals:4)
  Gastronok (Lair:2)
  2 tentacled starspawn (WizLab)
  3 shadow dragons
  An azure jelly (shapeshifter) (Depths:2)
  An azure jelly (Slime:5)
  A revenant (Crypt:2)
  2 tengu reavers (Crypt:1)
  2 deep elf sorcerers
  5 ghost moths
  5 fire giants
  3 vault wardens
  3 frost giants
  An iron dragon (Depths:2)
  An emperor scorpion (Spider:3)
  A draconian annihilator (Depths:5)
  5 ironheart preservers
  4 ghouls
  A spriggan defender (Depths:5)
  A caustic shrike zombie (Depths:3)
  11 very ugly things
  2 war gargoyles
  A reaper (Depths:1)
  4 deep elf elementalists (Elf:3)
  3 draconian stormcallers (Depths:5)
  8 stone giants
  8 deep elf demonologists
  4 vampire knights
  2 entropy weavers
  A lorocyproca (WizLab)
  A black draconian (Depths:5)
  Nessos (D:15)
  A purple draconian (Depths:5)
  The ghost of Oschusug the Thrower, a journeyman TrAs of Makhleb (Lair:4)
  7 deep elf annihilators
  3 merfolk javelineers
  A red draconian (WizLab)
  2 eidola
  10 spark wasps
  6 merfolk impalers
  4 ettins
  11 deep elf death magi
  A spectral quicksilver dragon (Crypt:1)
  7 jiangshi
  A mummy priest (Depths:4)
  5 fire dragons
  2 deep elf high priests (Elf:3)
  8 yaktaur captains
  8 ogre magi
  A rakshasa (Depths:1)
  6 hydras
  5 great orbs of eyes
  6 vault guards
  9 ice dragons
  4 merfolk aquamancers
  3 spriggan air magi
  19 two-headed ogres
  3 death knights
  3 merfolk avatars
  24 dancing weapons
  An anaconda (shapeshifter) (D:13)
  5 centaur warriors
  A catoblepas (Lair:2)
  4 tengu warriors
  7 death yaks
  6 deep troll earth magi
  2 spriggan berserkers
  6 vampire magi
  7 deep troll shamans
  2 thrashing horrors (WizLab)
  23 deep elf knights
  A sun demon (Depths:1)
  Sonja (Lair:2)
  Nergalle (D:12)
  A salamander mystic (Depths:4)
  A storm dragon zombie (Depths:3)
  14 skeletal warriors
  A sea snake (Shoals:4)
  An unseen horror (shapeshifter) (Elf:2)
  A golden dragon zombie (Depths:2)
  2 iron trolls
  3 shadow wraiths
  4 unseen horrors
  A death drake (WizLab)
  2 glowing orange brains
  2 wizards
  An infernal demonspawn (Depths:1)
  A torturous demonspawn (Depths:1)
  6 flayed ghosts
  14 deep trolls
  An obsidian statue (WizLab)
  3 phantasmal warriors (Crypt:2)
  2 golden dragon skeletons
  5 necromancers
  19 deep elf archers
  A mana viper (shapeshifter) (Depths:5)
  8 ironbrand convokers
  13 harpies
  A harpy (shapeshifter) (Depths:2)
  13 orb spiders
  2 orc sorcerers
  66 deep elf magi
  17 ugly things
  22 wolf spiders
  A faun (shapeshifter) (Depths:2)
  2 cyclopes
  A faun (Shoals:1)
  7 orc knights
  9 manticores
  A salamander (shapeshifter) (Depths:2)
  2 worldbinders (WizLab)
  A shining eye (Slime:4)
  A stone giant zombie (Crypt:1)
  4 elephants (Lair:3)
  A stone giant skeleton (Crypt:2)
  A moth of wrath (Spider:4)
  An elephant (shapeshifter) (Depths:2)
  8 vault sentinels
  6 water nymphs
  An eye of devastation (shapeshifter) (Vaults:1)
  A guardian serpent (WizLab)
  3 black mambas
  An eye of devastation (Slime:3)
  A water nymph (shapeshifter) (Depths:2)
  A rust devil (Depths:1)
  4 merfolk sirens
  A torpor snail (Spider:4)
  A torpor snail (shapeshifter) (Depths:2)
  A spriggan zombie (D:15)
  2 catoblepas zombies
  3 gargoyles
  A centaur skeleton (D:12)
  2 yaktaurs (shapeshifter) (Depths:2)
  52 yaktaurs
  3 spiny frogs
  3 ice devils
  7 demonic crawlers
  A redback zombie (D:15)
  2 rime drakes
  6 freezing wraiths
  A white draconian zombie (Crypt:1)
  3 guardian mummies
  A yaktaur skeleton (D:15)
  A small abomination (Elf:3)
  A komodo dragon (D:10)
  8 trolls
  A purple draconian skeleton (Crypt:1)
  A hellwing (WizLab)
  9 polar bears
  22 jumping spiders
  4 meliai
  A troll (shapeshifter) (Depths:2)
  A polar bear (shapeshifter) (Depths:2)
  4 jumping spiders (shapeshifter)
  5 tyrant leeches (Spider:4)
  9 hornets
  20 merfolk
  A tengu simulacrum (Vaults:3)
  A bog body (Crypt:1)
  A hornet (shapeshifter) (Vaults:1)
  47 slime creatures
  Grinder (D:3)
  A raiju (WizLab)
  2 wind drakes (Shoals:3)
  5 blink frogs
  4 snapping turtles
  A meliai zombie (D:15)
  10 dream sheep
  12 hippogriffs
  24 redbacks
  A shadow (D:14)
  A shock serpent simulacrum (Crypt:2)
  An air elemental (Elf:2)
  2 spriggans (shapeshifter)
  2 vampires
  12 spriggans
  An ettin skeleton (Depths:2)
  41 yaks
  A tyrant leech zombie (Crypt:1)
  6 water elementals
  16 tarantellas
  A fire bat (shapeshifter) (Depths:2)
  6 wraiths
  4 fire elementals
  A chaos spawn (WizLab)
  A golden eye (shapeshifter) (Vaults:1)
  9 golden eyes
  2 basilisks
  A hog (shapeshifter) (Vaults:3)
  A hungry ghost (D:10)
  2 steam dragons (Shoals:3)
  2 vampire mosquitoes (D:15)
  3 wargs
  3 spatial vortices (WizLab)
  A soldier ant (shapeshifter) (Depths:2)
  A water nymph zombie (Crypt:2)
  2 insubstantial wisps (WizLab)
  7 water moccasins
  A floating eye (shapeshifter) (Elf:3)
  An infernal demonspawn skeleton (Crypt:2)
  7 porcupines
  A tengu skeleton (Depths:2)
  A floating eye (Depths:2)
  A phantom (D:6)
  32 orc warriors
  2 ice beasts
  6 sky beasts
  3 black bears
  2 eyes of draining
  A necrophage (Crypt:1)
  2 eyes of draining (shapeshifter)
  7 boggarts
  A large abomination (WizLab)
  15 ogres
  A hornet zombie (D:14)
  24 centaurs
  25 wolves
  A snapping turtle skeleton (Crypt:2)
  8 crocodiles
  A centaur (shapeshifter) (Vaults:3)
  4 big kobolds
  A hippogriff zombie (Crypt:1)
  A hog skeleton (Crypt:2)
  11 bullfrogs
  A komodo dragon zombie (Crypt:1)
  A gnoll sergeant (D:9)
  An earth elemental (Elf:1)
  2 jellies
  A wyvern zombie (D:13)
  2 scorpions
  2 wyvern skeletons
  A shapeshifter zombie (Crypt:1)
  14 killer bees
  A raiju skeleton (Crypt:2)
  16 wights
  9 electric eels
  2 bullfrog zombies
  2 centaur zombies
  13 hounds
  A quasit (D:2)
  8 crimson imps
  2 bullfrog skeletons
  15 orc priests
  Crazy Yiuf (D:5)
  25 orc wizards
  An iron imp (Depths:3)
  5 hell rats (Lair:3)
  Natasha (thrice) (D:2)
  Ijyb (D:5)
  3 iguanas
  15 worker ants
  A dwarf zombie (Crypt:1)
  A mummy (Depths:4)
  A howler monkey skeleton (D:5)
  A howler monkey zombie (D:8)
  A worker ant zombie (D:8)
  Robin (D:2)
  5 gnolls
  9 river rats (Lair:3)
  13 adders
  6 shadow imps
  2 steam dragon skeletons
  A white imp (WizLab)
  An ooze (D:6)
  3 dart slugs
  80 orcs
  2 giant cockroaches (D:2)
  13 goblins
  15 hobgoblins
  6 quokkas
  10 bats
  7 frilled lizards
  A giant cockroach zombie (D:6)
  21 kobolds
  A leopard gecko skeleton (D:6)
  10 rats
  5 crawling corpses (Elf:3)
  A plant (Shoals:4)
  A starspawn tentacle (WizLab)
  A tentacle (Shoals:4)
1576 creatures vanquished.

Vanquished Creatures (collateral kills)
  A caustic shrike (Depths:2)
  Arachne (Spider:4)
  A tentacled monstrosity (Depths:5)
  A lich (Depths:4)
  An eldritch tentacle (WizLab)
  5 acid blobs
  A tentacled starspawn (WizLab)
  3 sphinxes (Depths:4)
  A storm dragon (Depths:5)
  An azure jelly (Slime:5)
  3 fire giants
  An orc warlord (Orc:2)
  2 vault wardens (Vaults:1)
  A frost giant (Vaults:4)
  4 ghouls
  Louise (Spider:3)
  A draconian stormcaller (Depths:5)
  An ironheart preserver (Vaults:3)
  2 emperor scorpions
  6 very ugly things
  2 spriggan defenders
  A vampire knight (Crypt:1)
  3 stone giants
  A yellow draconian (Depths:5)
  An entropy weaver (Spider:2)
  A deep elf demonologist (Elf:3)
  5 merfolk impalers
  A white draconian (Depths:5)
  An ettin (Depths:2)
  An eidolon (Crypt:1)
  3 merfolk javelineers (Shoals:4)
  A death ooze (Slime:5)
  2 mummy priests (Depths:4)
  A great orb of eyes (Slime:5)
  A deep elf high priest (Depths:2)
  3 yaktaur captains
  A fire dragon (Depths:5)
  Harold (Lair:1)
  2 vault guards (D:14)
  2 rakshasas (Depths:4)
  An ice dragon (Depths:1)
  3 hydras
  A spriggan air mage (Depths:5)
  A merfolk aquamancer (Shoals:4)
  A merfolk avatar (Shoals:2)
  A small abomination (Elf:3)
  2 ogre magi
  A dancing weapon (Elf:2)
  9 two-headed ogres
  A tengu warrior (Depths:2)
  A deep troll shaman (Depths:1)
  3 vampire magi
  A deep troll earth mage (Depths:2)
  An orc high priest (Orc:2)
  A deep elf knight (Vaults:4)
  4 sea snakes
  A soul eater (Vaults:2)
  8 skeletal warriors
  An iron troll (Depths:1)
  7 deep trolls
  2 deep elf archers
  A deep troll (shapeshifter) (Depths:2)
  An ironbrand convoker (Vaults:3)
  2 wizards
  A lindwurm (shapeshifter) (Depths:3)
  A shadow dragon zombie (Crypt:1)
  A flayed ghost (Depths:3)
  9 orb spiders
  5 harpies
  An orc sorcerer (Vaults:4)
  2 tengu skeletons
  15 ugly things
  4 salamanders (Depths:4)
  2 oklob plants (Lair:6)
  4 orc knights
  3 deep elf magi (Elf:2)
  A worldbinder (WizLab)
  13 wolf spiders
  4 manticores
  3 shining eyes (Slime:5)
  2 moths of wrath (Spider:4)
  5 cyclopes
  A spectral ice dragon (Crypt:1)
  3 merfolk sirens (Shoals:4)
  A black mamba (Lair:5)
  An elf zombie (D:15)
  An elephant (Lair:3)
  2 vault sentinels
  An eye of devastation (Slime:5)
  A torpor snail (Spider:4)
  3 water nymphs
  A rime drake (Shoals:3)
  4 spiny frogs
  3 guardian mummies (Depths:4)
  10 yaktaurs
  3 freezing wraiths
  7 demonic crawlers
  An ice devil (Depths:1)
  A queen bee (shapeshifter) (Vaults:3)
  2 wind drakes
  11 jumping spiders
  16 merfolk
  A tengu simulacrum (Depths:3)
  A meliai (shapeshifter) (Depths:2)
  2 polar bears
  9 hornets
  A queen bee (Lair:5)
  2 meliai (Lair:5)
  5 tyrant leeches (Spider:4)
  7 dream sheep
  An ettin zombie (Depths:2)
  9 slime creatures
  5 blink frogs
  31 redbacks
  4 snapping turtles
  4 hippogriffs
  5 water elementals
  A shadow (D:14)
  2 spriggans (Lair:6)
  5 wraiths
  13 tarantellas
  A vampire (D:14)
  9 yaks
  A fire bat (shapeshifter) (Vaults:3)
  2 basilisks
  A black mamba skeleton (Crypt:2)
  A spatial vortex (WizLab)
  2 steam dragons (Shoals:3)
  3 swamp worms (Spider:4)
  2 wargs
  A water nymph zombie (Crypt:2)
  A floating eye (Depths:3)
  2 water moccasins
  4 porcupines
  An eye of draining (Slime:5)
  2 ice beasts
  6 ogres
  8 orc warriors
  6 wolves
  A black bear (Lair:6)
  2 centaurs (Lair:1)
  A snapping turtle skeleton (Crypt:2)
  3 crocodiles
  A salamander skeleton (Crypt:2)
  4 bullfrogs
  A scorpion (Lair:1)
  A killer bee (shapeshifter) (Depths:1)
  A wight (D:13)
  10 killer bees (Lair:5)
  An electric eel (Lair:2)
  2 jellies
  4 orc priests
  A hound (D:8)
  5 orc wizards
  An iguana (D:6)
  A worker ant (D:10)
  3 gnolls (D:9)
  An adder (D:2)
  An ufetubus (WizLab)
  13 orcs
  4 bats
  4 fungi
  8 plants
  3 tentacles (Shoals:4)
514 creatures vanquished.

Vanquished Creatures (others)
  An emperor scorpion (Spider:3)
  A tyrant leech (Spider:4)
  A redback (Spider:1)
  A water elemental (Elf:2)
  A killer bee (Lair:5)
  A swamp worm (Spider:4)
  An orc warrior (Orc:2)
  An orc (D:13)
  A hobgoblin (D:3)
  6 fungi
  45 plants
  7 starspawn tentacles (WizLab)
  24 tentacles (Shoals:4)
91 creatures vanquished.

Grand Total: 2181 creatures vanquished

Notes
Turn   | Place    | Note
-------+----------+-------------------------------------------
     0 | D:1      | cod the Spriggan Necromancer began the quest for the Orb.
     0 | D:1      | Reached XP level 1. HP: 9/9 MP: 5/5
     2 | D:1      | Learned a level 1 spell: Animate Skeleton
   678 | D:1      | Reached XP level 2. HP: 14/14 MP: 3/6
  1674 | D:1      | Reached XP level 3. HP: 13/17 MP: 3/8
  1993 | D:2      | Learned a level 3 spell: Vampiric Draining
  2079 | D:2      | Noticed Robin
  2255 | D:2      | Found a hide-covered altar of Uskayaw.
  2311 | D:2      | Reached skill level 1 in Fighting
  2803 | D:2      | Reached skill level 4 in Dodging
  2803 | D:2      | Reached XP level 4. HP: 21/22 MP: 6/9
  2990 | D:2      | Killed Robin
  3324 | D:2      | Noticed Natasha
  3343 | D:2      | Killed Natasha
  3832 | D:3      | Learned a level 4 spell: Animate Dead
  3881 | D:2      | Noticed Natasha
  4006 | D:2      | Killed Natasha
  4006 | D:2      | Reached XP level 5. HP: 18/26 MP: 6/10
  4269 | D:3      | Noticed Grinder
  4383 | D:2      | Noticed Natasha
  4387 | D:2      | Killed Natasha
  4504 | D:3      | Noticed a sky beast
  4643 | D:3      | Reached skill level 5 in Necromancy
  4795 | D:3      | Found a radiant altar of Vehumet.
  5360 | D:4      | Reached XP level 6. HP: 26/32 MP: 5/13
  5614 | D:4      | Learned a level 3 spell: Regeneration
  6070 | D:5      | Entered Level 5 of the Dungeon
  6148 | D:5      | Noticed a sky beast
  6342 | D:5      | Noticed a sky beast
  6405 | D:5      | Killed a sky beast
  6405 | D:5      | Reached skill level 5 in Spellcasting
  6405 | D:5      | Reached XP level 7. HP: 27/36 MP: 6/15
  6478 | D:5      | Noticed Ijyb
  6866 | D:5      | Found a staircase to the Ecumenical Temple.
  6910 | D:5      | Reached skill level 5 in Stealth
  6968 | D:5      | Found a glowing silver altar of Zin.
  7614 | Temple   | Entered the Ecumenical Temple
  7827 | Temple   | Became a worshipper of Kikubaaqudgha
  7922 | D:6      | Found Cejim's Assorted Antiques.
  7947 | D:6      | Bought a fuming cyan potion for 26 gold pieces
  9071 | D:5      | Got a slimy trident
  9142 | D:5      | Identified the +9 trident "Kyiss" {pierce, rElec} (You
                  | found it on level 5 of the Dungeon)
  9258 | D:6      | Reached XP level 8. HP: 42/42 MP: 16/18
  9451 | D:7      | Found a blossoming altar of Fedhas.
  9489 | D:7      | Noticed a hippogriff
  9565 | D:7      | Found a white marble altar of Elyvilon.
  9901 | D:7      | Reached skill level 1 in Polearms
  9977 | D:7      | Killed a hippogriff
 10131 | D:8      | Learned a level 1 spell: Apportation
 10133 | D:8      | Learned a level 1 spell: Summon Small Mammal
 10771 | D:8      | Noticed a hippogriff
 10782 | D:8      | Killed a hippogriff
 10782 | D:8      | Reached skill level 5 in Fighting
 10782 | D:8      | Reached XP level 9. HP: 38/47 MP: 19/19
 10794 | D:8      | Reached * piety under Kikubaaqudgha
 10794 | D:8      | Identified Kikubaaqudgha's Grimoire of Stolen Souls
                  | (Kikubaaqudgha gifted it to you on level 8 of the Dungeon)
 10794 | D:8      | Received a gift from Kikubaaqudgha
 10799 | D:8      | Learned a level 2 spell: Sublimation of Blood
 11330 | D:8      | Reached skill level 1 in Translocations
 11826 | D:8      | Reached skill level 1 in Summonings
 11973 | D:9      | Noticed a two-headed ogre
 12056 | D:9      | Noticed a komodo dragon
 12083 | D:9      | Found a transporter.
 12097 | D:9      | Found a transporter.
 12097 | D:9      | Identified Fupnyjei's Catalogue of Transmutation
 12101 | D:9      | Noticed a centaur warrior
 12103 | D:9      | Found a snail-covered altar of Cheibriados.
 12280 | D:9      | Found a deep blue altar of Sif Muna.
 12328 | D:9      | Found an opulent altar of Gozag.
 12452 | D:9      | Noticed a cyclops
 13284 | D:9      | Reached ** piety under Kikubaaqudgha
 13445 | D:9      | Found an iron altar of Okawaru.
 13639 | D:9      | Killed a cyclops
 13735 | D:9      | Reached XP level 10. HP: 47/53 MP: 16/21
 13837 | D:9      | Killed a two-headed ogre
 13884 | D:10     | Entered Level 10 of the Dungeon
 13977 | D:10     | Found a staircase to the Lair.
 14185 | D:10     | Reached skill level 5 in Polearms
 14351 | D:10     | Reached skill level 5 in Dodging
 14904 | D:10     | Noticed a brown ugly thing
 14983 | D:10     | Killed a brown ugly thing
 14983 | D:10     | Reached skill level 6 in Dodging
 15713 | D:11     | Noticed a cyclops
 16243 | D:5      | Killed Ijyb
 16447 | D:3      | Killed Grinder
 16483 | D:3      | Found a hazy altar of Hepliaklqana.
 16709 | D:3      | Found a sacrificial altar of Ru.
 17350 | D:5      | Found a runed door.
 17354 | D:5      | Noticed Crazy Yiuf
 17360 | D:5      | Killed Crazy Yiuf
 17793 | D:10     | Reached *** piety under Kikubaaqudgha
 17793 | D:10     | Identified Kikubaaqudgha's Disquisition on Dark Magic
                  | (Kikubaaqudgha gifted it to you on level 10 of the Dungeon)
 17793 | D:10     | Received a gift from Kikubaaqudgha
 17793 | D:10     | Reached skill level 7 in Dodging
 17801 | D:10     | Learned a level 5 spell: Dispel Undead
 17807 | D:10     | Learned a level 5 spell: Borgnjor's Vile Clutch
 17862 | Lair:1   | Entered Level 1 of the Lair of Beasts
 17862 | Lair:1   | Noticed an eight-headed hydra
 18003 | D:11     | Noticed a gargoyle
 18195 | D:11     | Reached XP level 11. HP: 48/56 MP: 18/24
 18468 | D:11     | Reached skill level 1 in Earth Magic
 18634 | D:11     | Noticed a seven-headed hydra
 19106 | D:11     | Found Evel's Antique Weapon Emporium.
 19109 | D:11     | Bought an ancient hunting sling for 162 gold pieces
 19279 | D:11     | Identified the cursed +0 hunting sling "Zueciow" {freeze,
                  | Dex+4} (You bought it in a shop on level 11 of the Dungeon)
 19401 | D:6      | Bought a brass wand for 116 gold pieces
 19401 | D:6      | Bought a long brass wand for 116 gold pieces
 19401 | D:6      | Bought a gold wand for 116 gold pieces
 19673 | D:12     | Got a bloodstained dagger
 19804 | D:12     | Noticed Nergalle
 20265 | D:12     | Reached skill level 1 in Evocations
 20577 | D:12     | Found a burning altar of Makhleb.
 20718 | D:12     | Found a staircase to the Orcish Mines.
 20806 | D:12     | Reached skill level 8 in Dodging
 21656 | D:12     | Reached **** piety under Kikubaaqudgha
 21734 | D:12     | Reached skill level 5 in Evocations
 21976 | D:12     | Killed Nergalle
 22310 | D:13     | Noticed a centaur warrior
 22533 | D:14     | Noticed a tengu warrior
 22667 | D:14     | Killed a tengu warrior
 22968 | D:14     | Noticed a centaur warrior
 22978 | D:14     | Killed a centaur warrior
 22978 | D:14     | Reached XP level 12. HP: 55/61 MP: 26/26
 23913 | D:14     | Found a gate to the Vaults.
 23913 | D:14     | Noticed a vault guard
 23913 | D:14     | Noticed a vault guard
 23913 | D:14     | Noticed a vault guard
 23913 | D:14     | Noticed a vault guard
 23913 | D:14     | Noticed a vault guard
 23983 | D:13     | Paralysed by a floating eye for 4 turns
 24202 | D:13     | Reached skill level 10 in Spellcasting
 24716 | D:13     | Noticed an anaconda
 24716 | D:13     | a wolf spider changed into an anaconda
 24734 | D:13     | Killed an anaconda
 24734 | D:13     | Reached skill level 5 in Earth Magic
 25286 | D:11     | Noticed a two-headed hydra
 25428 | D:11     | Killed a seven-headed hydra
 25560 | D:11     | Killed a two-headed hydra
 25560 | D:11     | Reached skill level 10 in Necromancy
 25750 | Lair:1   | Noticed a five-headed hydra
 25841 | Lair:1   | Killed an eight-headed hydra
 25907 | Lair:1   | Killed a five-headed hydra
 25966 | Lair:1   | Noticed Harold
 25990 | Lair:1   | Killed Harold
 26065 | Lair:1   | Reached ***** piety under Kikubaaqudgha
 26094 | Lair:1   | Identified the +9 dagger of the Messenger {holy, Str+3}
                  | (You found it on level 12 of the Dungeon)
 26272 | Lair:1   | Found a shimmering altar of Xom.
 26621 | Lair:2   | Noticed Sonja
 26621 | Lair:2   | Noticed a five-headed hydra
 26630 | Lair:2   | Killed Sonja
 26664 | Lair:2   | Noticed a seven-headed hydra
 26783 | Lair:2   | Killed a seven-headed hydra
 26829 | Lair:2   | Killed a five-headed hydra
 26829 | Lair:2   | Reached XP level 13. HP: 65/65 MP: 25/30
 27037 | Lair:2   | Noticed Gastronok
 27059 | Lair:2   | Killed Gastronok
 27059 | Lair:2   | Reached skill level 9 in Dodging
 27239 | Lair:3   | Upgraded the game from 0.22.1-2-g9c5b331 to
                  | 0.22.1-6-g1668fe2
 27601 | Lair:3   | Found a hole to the Spider Nest.
 27705 | Lair:3   | Reached skill level 10 in Dodging
 28641 | Lair:4   | Found a runed gate.
 28642 | Lair:4   | Found a runed gate.
 28643 | Lair:4   | Found a runed gate.
 28644 | Lair:4   | Noticed Oschusug's ghost (journeyman TrAs)
 28761 | Lair:4   | Reached skill level 11 in Dodging
 29050 | Lair:4   | Killed Oschusug's ghost
 29878 | Lair:6   | Entered Level 6 of the Lair of Beasts
 29943 | Lair:6   | Found a frozen archway.
 30007 | IceCv    | Entered an ice cave
 30621 | Lair:6   | Reached ****** piety under Kikubaaqudgha
 30640 | Lair:6   | Reached XP level 14. HP: 73/73 MP: 31/31
 30903 | Lair:6   | Learned a level 2 spell: Swiftness
 31373 | Lair:6   | Reached skill level 1 in Slings
 31374 | Lair:6   | Reached skill level 12 in Dodging
 31622 | Lair:6   | Found a staircase to the Slime Pits.
 32829 | D:6      | Bought a scroll of identify for 58 gold pieces
 32830 | D:6      | Bought a bronze wand for 116 gold pieces
 33356 | D:13     | Reached skill level 1 in Charms
 34825 | D:14     | Found a glowing golden altar of the Shining One.
 34921 | D:14     | Reached skill level 13 in Dodging
 35171 | D:14     | Reached skill level 5 in Slings
 36401 | D:15     | Entered Level 15 of the Dungeon
 36441 | D:15     | Reached skill level 1 in Air Magic
 37666 | D:15     | Found a stormy altar of Qazlal.
 37838 | D:15     | Reached XP level 15. HP: 79/79 MP: 33/33
 38333 | D:15     | Found a staircase to the Depths.
 38336 | D:15     | Noticed Nessos
 38608 | Lair:2   | Found a staircase to the Shoals.
 39532 | Orc:1    | Entered Level 1 of the Orcish Mines
 40045 | Orc:1    | Found Doisuirch's Book Boutique.
 40873 | Orc:2    | Entered Level 2 of the Orcish Mines
 40974 | Orc:2    | Found a roughly hewn altar of Beogh.
 40974 | Orc:2    | Found a staircase to the Elven Halls.
 41189 | Orc:2    | Found a roughly hewn altar of Beogh.
 41256 | Orc:2    | Noticed an orc warlord
 41262 | Orc:2    | Found Safur's Antique Weapon Boutique.
 41275 | Orc:2    | Killed an orc warlord
 41302 | Orc:2    | Found Jomaet's Antique Armour Shop.
 41303 | Orc:2    | Found a roughly hewn altar of Beogh.
 41483 | Orc:2    | Found a roughly hewn altar of Beogh.
 41548 | Orc:2    | Found Raek's Assorted Antiques.
 41655 | Orc:2    | Found a roughly hewn altar of Beogh.
 41717 | Orc:2    | Found a roughly hewn altar of Beogh.
 41759 | Orc:2    | Found a roughly hewn altar of Beogh.
 41789 | Orc:2    | Found Ozookiw's Magic Scroll Shoppe.
 42689 | Orc:2    | Bought a scroll labeled HARIAN ZAHOUTE for 31 gold pieces
 42738 | Orc:2    | Bought a scroll of identify for 36 gold pieces
 42738 | Orc:2    | Bought a scroll of identify for 36 gold pieces
 42785 | Orc:2    | Bought a ripped robe for 119 gold pieces
 42785 | Orc:2    | Identified the +1 robe of Ashenzari's Esteem {MR+ Regen+
                  | Stlth+} (You bought it in a shop on level 2 of the Orcish
                  | Mines)
 42793 | Orc:2    | Bought a twisted dagger for 147 gold pieces
 42793 | Orc:2    | Identified the +5 dagger "Giwousyeci" {pierce, rC+} (You
                  | bought it in a shop on level 2 of the Orcish Mines)
 42841 | Orc:2    | Bought a scroll of magic mapping for 63 gold pieces
 43123 | D:15     | Reached skill level 14 in Dodging
 43566 | D:12     | Identified a +6 spear of pain (a +4 spear of freezing
                  | bloodied by Kikubaaqudgha)
 43566 | D:12     | Received a gift from Kikubaaqudgha
 43717 | Spider:1 | Entered Level 1 of the Spider Nest
 44236 | Spider:2 | Noticed a ghost moth
 44265 | Spider:2 | Killed a ghost moth
 44730 | Spider:2 | Reached skill level 10 in Polearms
 46026 | Spider:3 | Noticed a ghost moth
 46345 | Spider:3 | Noticed Louise
 46406 | Spider:3 | Killed Louise
 46599 | Spider:3 | Killed a ghost moth
 46808 | Spider:3 | Reached XP level 16. HP: 61/84 MP: 21/35
 47036 | Spider:4 | Entered Level 4 of the Spider Nest
 48172 | Spider:4 | Noticed Arachne
 48189 | Spider:4 | Killed Arachne
 49513 | Spider:3 | Reached skill level 15 in Dodging
 50063 | Spider:4 | Got a gossamer rune of Zot
 50475 | Lair:3   | Learned a level 6 spell: Simulacrum
 50788 | Shoals:1 | Entered Level 1 of the Shoals
 50991 | Shoals:1 | Reached skill level 10 in Evocations
 51329 | Shoals:1 | Reached skill level 1 in Ice Magic
 51355 | Shoals:1 | Reached skill level 15 in Spellcasting
 51714 | Shoals:1 | Learned a level 1 spell: Summon Butterflies
 51806 | Shoals:2 | Found Legepali's General Store.
 52211 | Shoals:2 | Reached XP level 17. HP: 87/87 MP: 28/37
 52334 | Shoals:2 | Found Konoere's Armour Shoppe.
 52502 | Shoals:3 | Found Wozxapn's Gadget Emporium.
 53665 | Shoals:4 | Entered Level 4 of the Shoals
 53696 | Shoals:3 | Noticed a kraken
 53909 | Shoals:4 | Reached skill level 16 in Dodging
 55445 | Shoals:4 | Noticed a kraken
 55578 | Shoals:4 | Killed a kraken
 55599 | Shoals:4 | Got a barnacled rune of Zot
 56208 | D:12     | Learned a level 5 spell: Bolt of Draining
 56364 | Vaults:1 | Entered Level 1 of the Vaults
 56487 | Vaults:1 | Noticed a lich
 56508 | Vaults:1 | Killed a lich
 56660 | Vaults:1 | Reached skill level 1 in Conjurations
 57270 | Vaults:1 | Reached skill level 5 in Ice Magic
 57462 | Vaults:1 | Reached skill level 17 in Dodging
 57784 | Vaults:1 | Learned a level 3 spell: Recall
 58638 | Vaults:2 | Reached XP level 18. HP: 79/92 MP: 37/39
 59073 | Vaults:2 | Noticed an Ice Fiend
 59152 | Vaults:2 | Identified a scroll of acquirement
 60025 | Vaults:2 | Found a staircase to the Crypt.
 61931 | Vaults:3 | Reached skill level 18 in Dodging
 62385 | Vaults:3 | Found Nafun's Antique Weapon Emporium.
 62393 | Vaults:3 | Bought a glowing hunting sling for 193 gold pieces
 64083 | Vaults:4 | Cast into level 3 of the Abyss (ironheart preserver)
 64115 | Vaults:4 | Escaped the Abyss
 64237 | Vaults:4 | Reached skill level 10 in Fighting
 64318 | Vaults:4 | Reached XP level 19. HP: 98/98 MP: 31/41
 64445 | Vaults:4 | Found Jotanol's Distillery.
 64454 | Vaults:4 | Bought a potion of heal wounds for 90 gold pieces
 64516 | Vaults:4 | Reached skill level 19 in Dodging
 65420 | Elf:1    | Entered Level 1 of the Elven Halls
 67718 | Elf:2    | Found a huge runed gate.
 67718 | Elf:2    | Found a huge runed gate.
 67718 | Elf:2    | Found a huge runed gate.
 67718 | Elf:2    | Found a huge runed gate.
 67718 | Elf:2    | Found a huge runed gate.
 67926 | Elf:2    | Reached skill level 20 in Dodging
 68651 | Elf:3    | Entered Level 3 of the Elven Halls
 69522 | Elf:3    | Reached XP level 20. HP: 99/105 MP: 9/42
 70048 | Elf:3    | Reached skill level 15 in Necromancy
 70234 | Elf:3    | Reached skill level 21 in Dodging
 70393 | Elf:3    | Identified the cursed ring of Wisdom {*Contam rElec rF+
                  | MR++ AC-3} (You took it off a deep elf annihilator on level
                  | 3 of the Elven Halls)
 70524 | Elf:3    | Found the +2 pair of boots of the Assassin {Detection Stab+
                  | Stlth++}
 70570 | Elf:3    | Identified the Handbook of Nocuous Unholy Rites
 70789 | Elf:3    | Got a twisted hand crossbow
 70803 | Elf:3    | Identified the Grimoire of Creative Shape Shifting
 70860 | Elf:3    | Got a bone mace {speed}
 70863 | Elf:3    | Got a flickering emerald amulet
 70868 | Elf:3    | Identified the cursed +1 mace of Juel Doumm {speed, +Rage
                  | rPois rF+ rN+} (You took it off a deep elf mage on level 3
                  | of the Elven Halls)
 70884 | Elf:3    | Identified the amulet of Joedumpeyva {Gourm Str+5} (You
                  | took it off a deep elf annihilator on level 3 of the Elven
                  | Halls)
 70901 | Elf:3    | Got a crystal double sword {vamp}
 71091 | Elf:3    | Identified the +4 double sword "Qexi Yze" {vamp, rPois
                  | Str+4 Int+3} (You took it off a deep elf mage on level 3 of
                  | the Elven Halls)
 71097 | Elf:3    | Identified the +6 hand crossbow of Peril {velocity, rF+
                  | Dex+5 Stlth+} (You found it on level 3 of the Elven Halls)
 72123 | D:14     | Learned a level 6 spell: Deflect Missiles
 72665 | Orc:2    | Bought a scroll of enchant weapon for 135 gold pieces
 72693 | Orc:2    | Bought a scroll of acquirement for 936 gold pieces
 72697 | Orc:2    | Got an ancient lapis lazuli ring
 72698 | Orc:2    | Identified the ring "Jaomn" {Str+3 Dex+2 SInv} (You
                  | acquired it on level 2 of the Orcish Mines)
 73153 | D:15     | Reached skill level 1 in Shields
 73243 | D:15     | Killed Nessos
 73380 | Depths:1 | Entered Level 1 of the Depths
 73569 | Depths:1 | Noticed a golden dragon
 73579 | Depths:1 | Found a gateway to Hell.
 73599 | Depths:1 | Killed a golden dragon
 73826 | Depths:1 | Reached skill level 5 in Shields
 74113 | Depths:1 | Found a one-way gate to the infinite horrors of the Abyss.
 74478 | Depths:1 | Found a one-way gate leading to the halls of Pandemonium.
 74809 | Depths:2 | Found Cealom's General Store.
 75009 | Depths:2 | Found a magical portal.
 75022 | WizLab   | Entered The Roulette of Golubria
 75022 | WizLab   | Found a transporter.
 75025 | WizLab   | Found a corrupted altar of Lugonu.
 75026 | WizLab   | Found the +1 cloak of Starlight {rElec rC+ EV+4 Stlth--}
 75052 | WizLab   | Found a transporter.
 75083 | WizLab   | Found a transporter.
 75166 | WizLab   | Found a transporter.
 75174 | WizLab   | Found a transporter.
 75195 | WizLab   | Found a corrupted altar of Lugonu.
 75201 | WizLab   | Found a transporter.
 75208 | WizLab   | Found a corrupted altar of Lugonu.
 75232 | WizLab   | Found a transporter.
 75266 | WizLab   | Found a transporter.
 75383 | WizLab   | Found a transporter.
 75383 | WizLab   | Found a transporter.
 75488 | WizLab   | Found a transporter.
 75574 | WizLab   | Found a transporter.
 75647 | WizLab   | Found a transporter.
 75647 | WizLab   | Found a transporter.
 75853 | WizLab   | Found a transporter.
 75853 | WizLab   | Found a transporter.
 75947 | WizLab   | Found a transporter.
 76107 | WizLab   | Found a transporter.
 76121 | WizLab   | Reached XP level 21. HP: 111/111 MP: 34/43
 76155 | WizLab   | Found a transporter.
 76155 | WizLab   | Found a transporter.
 76282 | WizLab   | Got a polished cloak
 76285 | WizLab   | Got a heavily runed cloak
 76292 | WizLab   | Identified Ywnecw's Catalogue of Dislocation
 76323 | WizLab   | Identified the -6 cloak of Loss {rC++} (You found it in a
                  | wizard's laboratory)
 76324 | WizLab   | Identified the +0 cloak of the Thunderstorm {rPois Regen+
                  | Str-4} (You found it in a wizard's laboratory)
 76626 | Depths:2 | Noticed a caustic shrike
 76627 | Depths:2 | Noticed a caustic shrike
 76627 | Depths:2 | Noticed a caustic shrike
 76637 | Depths:2 | Killed a caustic shrike
 76640 | Depths:2 | Killed a caustic shrike
 76647 | Depths:2 | Killed a caustic shrike
 76870 | Depths:2 | Noticed a caustic shrike
 76882 | Depths:2 | Killed a caustic shrike
 77350 | Depths:2 | Reached skill level 22 in Dodging
 78122 | Depths:2 | Found the +9 staff of Olgreb {rPois}
 78139 | Depths:2 | Identified the Grimoire of Igneous Translocation
 78159 | Depths:2 | Identified the +9 hunting sling "Akloemea" {venom, rPois
                  | Int+3 Dex+4} (You found it on level 2 of the Depths)
 80189 | Depths:3 | Reached skill level 5 in Charms
 81075 | Depths:4 | Reached XP level 22. HP: 87/118 MP: 26/44
 81217 | Depths:4 | Noticed a greater mummy
 81224 | Depths:4 | Killed a greater mummy
 81224 | Depths:4 | Reached skill level 23 in Dodging
 81426 | Depths:4 | Noticed a greater mummy
 81447 | Depths:4 | Killed a greater mummy
 81785 | Depths:4 | Found a runed door.
 81786 | Depths:4 | Noticed MetaCosm's ghost (veteran GrFi)
 81793 | Depths:4 | Killed MetaCosm's ghost
 81802 | Depths:4 | Identified the Papyrus of Igneous Enhancements
 82071 | Depths:4 | Found a gateway to a ziggurat.
 82277 | Depths:5 | Entered Level 5 of the Depths
 82636 | Depths:5 | Noticed a caustic shrike
 82636 | Depths:5 | Noticed a caustic shrike
 82693 | Depths:5 | Noticed a caustic shrike
 82713 | Depths:5 | Killed a caustic shrike
 82720 | Depths:5 | Killed a caustic shrike
 82720 | Depths:5 | Killed a caustic shrike
 82837 | Depths:5 | Found a gate to the Realm of Zot.
 83246 | Depths:5 | Found Jillag's Jewellery Boutique.
 83246 | Depths:5 | Found Cohetiq's Gadget Shoppe.
 83247 | Depths:5 | Found Myofit's Gadget Shoppe.
 83808 | Crypt:1  | Entered Level 1 of the Crypt
 84475 | Crypt:1  | Noticed Saint Roka
 84493 | Crypt:1  | Killed Saint Roka
 84493 | Crypt:1  | Reached skill level 24 in Dodging
 84728 | Crypt:1  | Noticed Jory
 84740 | Crypt:1  | Killed Jory
 84861 | Crypt:1  | Reached XP level 23. HP: 115/122 MP: 30/46
 85054 | Crypt:1  | Identified the Guide on Dark Arts
 85106 | Crypt:1  | Noticed Sojobo
 85128 | Crypt:1  | Killed Sojobo
 86846 | Lair:6   | Learned a level 5 spell: Agony
 86849 | Slime:1  | Entered Level 1 of the Pits of Slime
 87613 | Slime:4  | Gained mutation: You are frail. (-10% HP) [a shining eye]
 87826 | Slime:5  | Entered Level 5 of the Pits of Slime
 88036 | Slime:5  | Noticed the Royal Jelly
 88039 | Slime:5  | HP: 3/111 [alligator zombie/exploding inner flame[the
                  | player character] (16)]
 88039 | Slime:5  | Killed from afar by a salamander mystic zombie

Skill      XL: |  1  2  3  4  5  6  7  8  9 10 11 12 13 14 15 16 17 18 19 20 21 22 23 |
---------------+----------------------------------------------------------------------+-----
Spellcasting   | 3 4 5 6 7 8 9 12 13 14 15 16 17 18 | 18.8
Fighting       | 1 2 3 5 6 8 9 10 11 12 13 14 | 14.4
Necromancy     | 4 5 7 8 9 10 11 12 13 14 15 16 17 | 17.3
Stealth        | 4 6 7 9 |  9.0
Dodging        | 4 7 8 11 13 14 15 17 18 20 21 22 24 | 24.7
Polearms       | 2 4 6 7 8 10 12 | 12.0
Translocations | 2 |  2.0
Summonings     | 2 |  2.0
Earth Magic    | 3 6 |  6.0
Evocations     | 6 8 10 12 | 12.0
Slings         | 5 6 |  6.0
Charms         | 3 4 6 8 |  8.2
Air Magic      | 1 2 3 4 |  4.0
Ice Magic      | 2 5 6 7 |  7.0
Conjurations   | 2 4 |  4.0
Shields        | 7 |  7.2

Action                   |  1- 3 |  4- 6 |  7- 9 | 10-12 | 13-15 | 16-18 | 19-21 | 22-24 || total
-------------------------+-------+-------+-------+-------+-------+-------+-------+-------++-------
Melee: Dagger            |     2 |    60 |    40 |       |     8 |    31 |     3 |       ||   144
       Trident           |       |       |   191 |   882 |  1317 |   146 |    78 |       ||  2614
       Spear             |       |       |       |       |   349 |  1415 |  1355 |   551 ||  3670
 Fire: Hunting sling     |       |       |       |       |   432 |    22 |     8 |       ||   462
       Fustibalus        |       |       |       |       |       |       |    41 |   228 ||   269
Throw: Stone             |     3 |     8 |     5 |       |    16 |    32 |    21 |       ||    85
       Tomahawk          |       |       |       |     3 |    16 |       |       |       ||    19
 Cast: Pain              |    83 |   112 |    94 |    84 |    44 |    51 |       |       ||   468
       Animate Skeleton  |     4 |    17 |    24 |    54 |    35 |     1 |     2 |     4 ||   141
       Vampiric Draining |       |     2 |     1 |       |    23 |   139 |    43 |    20 ||   228
       Summon Small Mamm |       |       |    46 |   524 |    61 |       |       |       ||   631
       Apportation       |       |       |       |     4 |   114 |   104 |    68 |   102 ||   392
       Animate Dead      |       |       |       |     2 |    77 |   142 |    65 |    23 ||   309
       Borgnjor's Vile C |       |       |       |     1 |    75 |    69 |   147 |    47 ||   339
       Dispel Undead     |       |       |       |       |    16 |    12 |    21 |   121 ||   170
       Sublimation of Bl |       |       |       |       |     2 |    14 |    47 |    38 ||   101
       Regeneration      |       |       |       |       |     2 |     4 |     1 |     1 ||     8
       Bolt of Draining  |       |       |       |       |       |    24 |   110 |    32 ||   166
       Recall            |       |       |       |       |       |    18 |    18 |     5 ||    41
       Summon Butterflie |       |       |       |       |       |     4 |       |     4 ||     8
       Deflect Missiles  |       |       |       |       |       |       |     3 |     1 ||     4
       Simulacrum        |       |       |       |       |       |       |     6 |    14 ||    20
Invok: Receive Corpses   |       |       |       |     2 |    17 |    31 |    15 |    19 ||    84
       Brand Weapon With |       |       |       |       |     1 |       |       |       ||     1
       Torment           |       |       |       |       |       |       |       |     2 ||     2
 Abil: Evoke Flight      |       |       |       |     4 |     3 |     5 |     1 |       ||    13
Evoke: Wand              |       |       |       |     3 |    15 |     9 |     3 |     1 ||    31
       Lightning rod     |       |       |       |       |     2 |     2 |     4 |       ||     8
       Phial of floods   |       |       |       |       |       |       |     2 |       ||     2
  Use: Scroll            |       |     5 |    10 |    12 |    20 |     8 |    19 |     5 ||    79
       Potion            |       |       |       |     1 |       |     6 |     1 |     1 ||     9
 Stab: Sleeping          |       |     3 |    16 |    20 |    31 |    15 |    11 |     2 ||    98
       Distracted        |       |       |     6 |    19 |    40 |    29 |    20 |    13 ||   127
       Paralysed         |       |       |       |     9 |       |     3 |       |       ||    12
  Eat: Ration            |       |     1 |     3 |     7 |    20 |    17 |    12 |     8 ||    68
Armor: Robe              |     2 |     3 |     9 |     1 |       |       |       |       ||    15
       Troll leather arm |       |       |       |    61 |   143 |   134 |    40 |     9 ||   387
Dodge: Dodged            |     7 |    58 |   109 |   338 |  1041 |  1131 |   782 |   301 ||  3767
       Deflected         |       |       |       |       |    15 |    46 |    36 |    16 ||   113
Block: Other             |       |       |    14 |    46 |    10 |       |       |       ||    70
       Reflection        |       |       |     2 |     7 |       |       |       |       ||     9
       Buckler           |       |       |       |       |       |       |   214 |   166 ||   380
